 Dungeon Crawl Stone Soup version 0.25-a0-949-gdd2af9e06e (webtiles) character file.

Game seed: 1580462259992191029, levelgen mode: deterministic

406 Flugslaktarn the Chopper (level 6, -6/57 HPs)
             Began as a Deep Dwarf Fighter on May 9, 2020.
             Killed by Freeze
             ... invoked by kae's ghost
              (16 damage)
             ... on level 5 of the Dungeon.
             The game lasted 00:01:11 (1541 turns).

Flugslaktarn the Chopper (Deep Dwarf Fighter)       Turns: 1541, Time: 00:01:12

Health: -6/57      AC:  7    Str: 22    XL:     6   Next: 56%
Magic:  3/3        EV:  5    Int:  8    God:
Gold:   207        SH: 17    Dex: 12    Spells: 5/5 levels left

rFire    . . .     SeeInvis .   a - +0 war axe
rCold    . . .     Gourm    .   j - +2 tower shield
rNeg     . . .     Faith    .   b - +0 scale mail
rPois    .         Spirit   .   (no helmet)
rElec    .         Reflect  .   (no cloak)
rCorr    .         Harm     .   (no gloves)
MR       .....                  (no boots)
Stlth    ..........             (no amulet)
HPRegen  0.00/turn              (no ring)
MPRegen  0.08/turn              (no ring)

@: non-regenerating
A: damage resistance, heal wounds, sense surroundings 1, no regeneration
a: Heal Wounds


You were on level 5 of the Dungeon.
You were hungry.

You visited 2 branches of the dungeon, and saw 6 of its levels.

You collected 207 gold pieces.

Inventory:

Hand Weapons
 a - a +0 war axe (weapon)
Missiles
 l - a throwing net (quivered)
Armour
 b - a +0 scale mail (worn)
 c - a +0 kite shield
 j - a +2 tower shield (worn)
   (You found it on level 3 of the Dungeon)
Jewellery
 g - an uncursed ring of flight {unknown}
   (You found it on level 2 of the Dungeon)
Scrolls
 f - a scroll of blinking {unknown}
 h - a scroll of teleportation {unknown}
 k - a scroll of remove curse {unknown}
 m - a scroll of enchant armour {unknown}
 p - 3 scrolls of identify {unknown}
Potions
 d - 2 potions of might
 i - 3 potions of curing {unknown}
 n - 2 potions of degeneration {unknown}
 o - a potion of lignification {unknown}
 q - a potion of magic {unknown}
 r - a potion of stabbing {unknown}
 s - a potion of heal wounds {unknown}
Comestibles
 e - 10 rations


   Skills:
 + Level 3.8 Fighting
 * Level 5.2 Axes
 + Level 4.6 Armour
 + Level 4.6 Shields


You had 5 spell levels left.
You didn't know any spells.
Your spell library was empty.

Dungeon Overview and Level Annotations

Branches:
Dungeon (5/15)             Temple (1/1) D:5

Altars:
Cheibriados
Dithmenos
Fedhas
Hepliaklqana
Nemelex Xobeh
Okawaru
Sif Muna
Trog
Uskayaw
Xom
Yredelemnul
Zin
The Shining One

Shops:
D:4 (

Annotations:
D:5 kae's ghost, novice MfIE


Innate Abilities, Weirdness & Mutations

You are resistant to damage.
You can heal yourself by infusing magical energy.
You passively map a small area around you.
You do not regenerate.


Message History

You are frozen.
You hit kae's ghost.
Kae's ghost is severely damaged.
Kae's ghost casts a spell at you.
You are frozen.
* * * LOW HITPOINT WARNING * * *
You block kae's ghost's attack.
You are too injured to fight recklessly!
You are too injured to fight recklessly!
You are too injured to fight recklessly!
You are too injured to fight recklessly!
You are too injured to fight recklessly!
You are too injured to fight recklessly!
You are too injured to fight recklessly!
You are too injured to fight recklessly!
You slash kae's ghost!
Kae's ghost is almost destroyed.
Kae's ghost points at you and mumbles some strange words.
You are frozen.
You die...

* ##..................... ,
..........###..#.#......... *
#.....*#......#####........ ≈
#≈...##...##### ##........
≈≈#≈ #...#....##..###.........
#
#≈≈≈≈#≈.......#≈.#≈##........≈
≈≈
≈≈≈#≈≈...##..#≈⌠.≈##.......≈≈
≈≈
≈≈≈≈#.#.##..'≈≈.=.#.......≈≈
#≈#≈≈##......@W.#..##.......≈≈
, ≈
≈≈≈#...####.#.....#.......≈≈ .
* ≈ #≈#...# #.#...###........≈
...####.....#
###≈##≈##.........
....†.......# *## ###.........
###.........# #...........
########### ##...........
#..#......... #.....#......


You could see kae's ghost.

Vanquished Creatures
  An ogre (D:4)
  A phantom (D:5)
  A scorpion (D:4)
  A crimson imp (D:5)
  An orc wizard (D:5)
  An iguana (D:5)
  A worker ant (D:4)
  A hound zombie (D:5)
  2 adder skeletons
  6 worms
  5 leopard geckos
  3 orcs
  3 bats
  2 giant cockroaches
  2 goblins
  4 jackals (D:4)
  3 kobolds (D:2)
  2 quokkas (D:4)
  A ball python (D:4)
  2 frilled lizards (D:2)
  2 rats (D:5)
45 creatures vanquished.

Notes
Turn   | Place    | Note
-------+----------+-------------------------------------------
     0 | D:1      | Flugslaktarn the Deep Dwarf Fighter began the quest for the
                  | Orb.
     0 | D:1      | Reached XP level 1. HP: 20/20 MP: 1/1
   109 | D:2      | Reached XP level 2. HP: 22/27 MP: 2/2
   243 | D:4      | Found Tecwipte's Antique Weapon Shoppe.
   254 | D:4      | Noticed a scorpion
   271 | D:4      | Killed a scorpion
   271 | D:4      | Reached skill level 3 in Axes
   271 | D:4      | Reached XP level 3. HP: 23/34 MP: 3/3
   271 | D:4      | Reached XP level 4. HP: 29/42 MP: 4/4
   445 | D:4      | Noticed an ogre
   452 | D:4      | Killed an ogre
   452 | D:4      | Reached skill level 4 in Axes
   452 | D:4      | Reached XP level 5. HP: 19/49 MP: 5/5
   938 | D:5      | Entered Level 5 of the Dungeon
   940 | D:5      | Noticed a phantom
   999 | D:5      | Killed a phantom
   999 | D:5      | Reached XP level 6. HP: 50/57 MP: 4/4
  1083 | D:5      | Noticed a moth of wrath
  1085 | D:5      | Found a bloodstained altar of Trog.
  1149 | D:5      | Found a staircase to the Ecumenical Temple.
  1178 | Temple   | Entered the Ecumenical Temple
  1397 | D:5      | Reached skill level 5 in Axes
  1488 | D:5      | Found a large runed translucent door.
  1488 | D:5      | Found a large runed translucent door.
  1489 | D:5      | Noticed kae's ghost (novice MfIE)
  1541 | D:5      | Killed from afar by kae's ghost

Levels and vault maps discovered:
D:1:      dpeg_arrival_solitude, layout_basic, minmay_misc_feat_encased
D:2:      layout_basic, serial_glass, glass_columns_b, glass_columns_a,
          glass_columns_a, glass_columns_a, uniq_terence
D:3:      layout_rooms, gammafunk_temple_overflow_pools, first_ration,
          uniq_grinder
D:4:      layout_loops_ring, serial_shops, shop_statue
D:5:      layout_cave_pools, tgw_trog, temple_pool_b,
          ebering_ghost_disaster_area, minivault_4, st_stairs_12,
          serial_bayou_pond_b
Temple:   hc_temple_tempest_star

Skill      XL: |  1  2  3  4  5  6 |
---------------+-------------------+-----
Fighting       | 3 |  3.8
Axes           | 3 4 5 |  5.2
Armour         | 4 |  4.6
Shields        | 4 |  4.6

Action                   |  1- 3 |  4- 6 || total
-------------------------+-------+-------++-------
Melee: War axe           |    62 |   172 ||   234
 Abil: Heal Wounds       |       |     7 ||     7
  Eat: Chunk             |       |     2 ||     2
Armor: Scale mail        |    26 |    46 ||    72
Dodge: Dodged            |    21 |    21 ||    42
Block: Kite shield       |    22 |       ||    22
       Tower shield      |    20 |   157 ||   177

Table legend:
 A = Non-vault XP
 B = Vault XP
 C = Vault XP percentage of total XP
 D = Non-vault monster count
 E = Vault monster count
 F = Vault count percentage of total count
                 A         B        C        D         E       F
            +---------+---------+-------+---------+---------+-------
      Total |     444 |     136 |  23.4 |      38 |       7 |  15.6
            +---------+---------+-------+---------+---------+-------
        D:1 |       7 |       0 |   0.0 |       3 |       0 |   0.0
        D:2 |      14 |       0 |   0.0 |       7 |       0 |   0.0
        D:3 |       4 |       0 |   0.0 |       3 |       0 |   0.0
        D:4 |     241 |       0 |   0.0 |      13 |       0 |   0.0
        D:5 |     178 |     136 |  43.3 |      12 |       7 |  36.8
            +---------+---------+-------+---------+---------+-------
